AoeStats
← VLC | DafeKhan

MegaRandom

508760348Analyzed
4v4 RM · 9d ago on Sep 23, 2026· 22m 35s· 8 players
Game mode
Random Map
Map size
Large (8 player)
Population
200
Speed
Normal
Resources
Standard
Victory
Conquest
Starting age
Dark Age
Ending age
Imperial Age
RankedLock teamsTeams togetherTeam positionsShared explorationLock speedFull tech treeHidden civsTurbo modeCheats
Victory
Defeat
🇨🇱 Britons · Chile
1656
+11
🇦🇷 Lithuanians · Argentina
1569
+15
🇨🇱 Ethiopians · Chile
1565
+15
🇦🇷 Georgians · Argentina
1552
+15
🇨🇴 Turks · Colombia
1590
-16
🇨🇴 Britons · Colombia
1575
-15
🇨🇴 Berbers · Colombia
1541
-14
🇨🇴 Slavs · Colombia
1460
-11
VLC | BacTi
6:46 Loom
9:10 Feudal Age
10:16 Double-Bit Axe
14:59 Fletching
19:42 Padded Archer Armor
24:31 Castle Age
VLC | DafeKhan
5:54 Loom
8:59 Feudal Age
9:43 Double-Bit Axe
11:15 Horse Collar
11:54 Forging
14:21 Scale Barding Armor
18:57 Bloodlines
VLC | Tithen
6:25 Loom
9:11 Feudal Age
10:38 Double-Bit Axe
15:53 Fletching
VLC | GreenIsland
8:54 Feudal Age
9:30 Loom
11:09 Double-Bit Axe
11:05 Horse Collar
19:54 Bloodlines
20:02 Scale Barding Armor
21:15 Forging
AiM | PoRRo
6:15 Loom
9:02 Feudal Age
12:09 Fletching
19:10 Padded Archer Armor
24:54 Castle Age
AiM | Facu1414
6:23 Loom
9:14 Feudal Age
9:48 Double-Bit Axe
11:07 Forging
16:44 Scale Barding Armor
17:21 Bloodlines
18:45 Horse Collar
AIM | Agua cate 98
5:43 Loom
8:33 Feudal Age
9:45 Double-Bit Axe
12:12 Forging
15:14 Bloodlines
18:15 Horse Collar
22:03 Wheelbarrow
AiM | EleuieseKa
5:45 Loom
8:26 Feudal Age
12:03 Fletching
17:26 Padded Archer Armor
21:51 Wheelbarrow
Connection lost

Rejoining the realm…

Still unreachable

The connection could not be restored.

Session expired

The server has moved on; the page needs a fresh start.